 Dungeon Crawl Stone Soup version 0.21.1-1-g345015f (webtiles) character file.

65517 Goblin1989 the Black Sun (level 14, -6/111 HPs)
             Began as a Demonspawn Transmuter on Mar 30, 2018.
             Was a High Priest of Kikubaaqudgha.
             Mangled by a catoblepas (21 damage)
             ... on level 13 of the Dungeon on Apr 2, 2018.
             The game lasted 03:22:12 (36042 turns).

Goblin1989 the Black Sun (Demonspawn Transmuter)   Turns: 36042, Time: 03:22:12

Health: -6/111     AC: 18    Str: 11      XL:     14   Next: 75%
Magic:  27/27      EV: 12    Int: 23 (25) God:    Kikubaaqudgha [*****.]
Gold:   409        SH:  0    Dex: 17      Spells: 5/31 levels left

rFire    + . .     SeeInvis .   b - +9 hunting sling (freeze)
rCold    + . .     Gourm    +   (no shield)
rNeg     . . .     Faith    .   w - +9 scale mail of Greater Demons {rF+ MR+ Regen+ Dex+3}
rPois    +         Spirit   .   L - +1 helmet {Int+3}
rElec    .         Reflect  .   g - +2 cloak {+Inv}
rCorr    .         Harm     .   N - +1 pair of gloves
MR       +++..                  r - +2 pair of boots "Miviy" {rC+ Int+3}
Stlth    +.........             J - amulet of the gourmand
HPRegen  0.68/turn              o - ring of poison resistance
MPRegen  0.20/turn              m - ring of protection from magic

@: lethally poisoned (-6 -> -7), corroded, heavily drained
A: hooves 2, nightstalker 1, powered by death 2, no potion heal 1, MP-powered
wands, sturdy frame 2
a: Receive Corpses, Torment, Renounce Religion, Evoke Invisibility


You were on level 13 of the Dungeon.
You worshipped Kikubaaqudgha.
Kikubaaqudgha was extremely pleased with you.
You were completely stuffed.

You visited 4 branches of the dungeon, and saw 21 of its levels.
You also visited: Labyrinth and Bailey.

You collected 2198 gold pieces.
You spent 1789 gold pieces at shops.

Inventory:

Hand Weapons
 b - a +9 hunting sling of freezing (weapon)
 d - the +6 demon whip "Hanuef" {pain, *Slow rElec Dex+4}
   (You found it on level 3 of the Lair of Beasts)

   In the hands of one skilled in necromantic magic, it inflicts extra damage on
   living creatures.
   It affects your dexterity (+4).
   It insulates you from electricity.
   It may slow you when you take damage.
Missiles
 a - 176 arrows
 c - 32 sling bullets
 h - 249 stones (quivered) {@Q3}
 Z - a throwing net {!d , @Q1}
Armour
 g - a +2 cloak of invisibility (worn)
 r - the +2 pair of boots "Miviy" (worn) {rC+ Int+3}
   (You found it on level 11 of the Dungeon)

   It affects your intelligence (+3).
   It protects you from cold.
 w - the +9 scale mail of Greater Demons (worn) {rF+ MR+ Regen+ Dex+3}
   (You bought it in a shop on level 1 of the Orcish Mines)

   It affects your dexterity (+3).
   It protects you from fire.
   It affects your resistance to hostile enchantments.
   It increases your rate of regeneration.
 L - a +1 helmet of intelligence (worn)
 N - a +1 pair of gloves (worn)
Magical Staves
 x - an uncursed staff of air
Jewellery
 f - an uncursed ring of protection from fire
 l - an uncursed ring of flight
 m - a ring of protection from magic (right hand)
 o - a ring of poison resistance (left hand)
 J - an amulet of the gourmand (around neck)
Wands
 t - a wand of polymorph (11)
 B - a wand of digging (7)
 I - a wand of iceblast (20)
 K - a wand of random effects (63)
 P - a wand of paralysis (30)
 U - a wand of scattershot (6)
Scrolls
 k - 3 scrolls of enchant armour
 n - a scroll of fear
 u - a scroll of acquirement {unknown}
 y - 2 scrolls of immolation
 C - 3 scrolls of fog
 M - a scroll of magic mapping
 Q - a scroll of brand weapon {unknown}
 R - a scroll of identify {@r1}
 X - 11 scrolls of remove curse {@r2}
Potions
 i - a potion of resistance
 j - 2 potions of curing {@q1}
 s - a potion of ambrosia
 D - 2 potions of agility
 F - 3 potions of lignification
 G - a potion of mutation {!q}
 H - a potion of berserk rage
 O - a potion of heal wounds {@q2, !q}
 S - 3 potions of flight
 V - 2 potions of cancellation
 W - a potion of brilliance
 Y - a potion of might
Comestibles
 e - 24 rations
 E - 2 chunks of flesh


   Skills:
 + Level 10.6(8.8) Fighting
 + Level 9.9(8.1) Slings
 + Level 4.7(3.1) Armour
 - Level 6.0(4.3) Dodging
 - Level 9.0(7.2) Unarmed Combat
 - Level 9.0(7.2) Spellcasting
 - Level 3.1(1.6) Charms
 - Level 11.0(9.1) Necromancy
 - Level 7.0(5.3) Transmutations
 - Level 6.0(4.4) Ice Magic
 - Level 3.3(1.8) Poison Magic
 - Level 5.0(3.4) Evocations


You had 5 spell levels left.
You knew the following spells:

 Your Spells              Type           Power        Failure   Level  Hunger
a - Beastly Appendage     Tmut           ####..       1%          1    None
b - Sticks to Snakes      Tmut           ####....     2%          2    None
c - Spider Form           Tmut/Pois      ###.......   10%         3    None
d - Blade Hands           Tmut           ####......   38%         5    #####..
e - Simulacrum            Ice/Necr       #####.....   78%         6    ######.
r - Corpse Rot            Necr           N/A          1%          2    None
E - Animate Dead          Necr           N/A          3%          4    ###....
R - Regeneration          Chrm/Necr      ####......   4%          3    None


Dungeon Overview and Level Annotations

Branches:
Dungeon (13/15)            Temple (1/1) D:6            Lair (5/6) D:11
  Swamp (0/4) Lair:4        Snake (0/4) Lair:4        Slime (0/5) Lair:5
    Orc (2/2) D:11            Elf (0/3) Orc:2
 Vaults: D:13-14

Altars:
Ashenzari
Elyvilon
Gozag
Kikubaaqudgha
Makhleb
Nemelex Xobeh
Okawaru
Ru
Vehumet
Wu Jian
Zin
The Shining One
Beogh
Jiyva

Shops:
D:11 =   Orc:1 !(**   Orc:2 =?(!:

Portals:
Pandemonium: Orc:2

Annotations:
Lair:3 exclusion: oklob plant
Lair:5 1 runed door


Innate Abilities, Weirdness & Mutations

You have hoof-like feet.
You are slightly more attuned to the shadows.
You regenerate health from kills.
Your movements are less encumbered by armour. (ER -4)
Potions are less effective at restoring your health.
You expend magic power (3 MP) to strengthen your wands.


Message History

The centaur warrior hits you with an uncursed battleaxe of venom!
* * * LOW HITPOINT WARNING * * *
You take 21 damage, and have 7/111 hp.
As you read the scroll of fear, it crumbles to dust.
You assume a fearsome visage.
The kobold demonologist easily resists.
The orc warrior looks frightened!
The yak looks frightened!
The centaur warrior looks frightened!
Your skin is crawling a little less now.
You feel sick.
You feel sick.
You feel sick.
You take 1 damage, and have 7/111 hp.
Evoke which item? (* to show all) (? for menu, Esc to quit)
You have no means to grasp a wand firmly enough.
Unknown command.
Unknown command.
Really quaff
O - 3 potions of heal wounds {@q2, !q}?
Your system partially rejects the healing.
You feel much better.
You feel sick.
You regained 18 hp, and now have 25/111 hp.
You feel sick.
The kobold demonologist casts a spell.
Your skin stops crawling.
You feel sick.
You take 1 damage, and have 25/111 hp.
You feel sick.
You feel sick.
You take 1 damage, and have 24/111 hp.
You feel sick.
The kobold demonologist casts a spell.
You take 1 damage, and have 23/111 hp.
Your transformation is almost over.
You feel sick.
You feel sick.
You take 1 damage, and have 22/111 hp.
A worker ant comes into view.
You feel sick.
A meliai comes into view.
As you read the scroll of teleportation, it crumbles to dust.
You feel strangely unstable.
The meliai moves out of view.
The worker ant completely misses you.
You feel sick. The worker ant closely misses you.
You take 1 damage, and have 21/111 hp.
Your transformation has ended.
Your +9 hunting sling of freezing unmelds from your body.
Your +2 cloak of invisibility unmelds from your body.
Your +1 helmet of intelligence unmelds from your body.
Your +1 pair of gloves unmelds from your body.
The +2 pair of boots "Miviy" {rC+ Int+3} unmelds from your body.
The +9 scale mail of Greater Demons {rF+ MR+ Regen+ Dex+3} unmelds from your body.
Your +9 hunting sling of freezing is covered in frost.
You become transparent for a moment.
You feel clever.
MP restored: 27 Your surroundings suddenly seem different.
You feel sick.
A big kobold comes into view.
The big kobold shouts!
An acid dragon comes into view.
The acid dragon roars!
A catoblepas comes into view.
The catoblepas bellows!
The acid dragon spits acid at you. The splash of acid hits you!
The acid corrodes you!
You are splashed with acid!
The acid burns!
* * * LOW HITPOINT WARNING * * *
You hear a horrible gurgling sound!
You hear a shout! x3
A big kobold and a skeleton come into view.
You take 17 damage, and have 5/111 hp.
Okay, then.
Unknown command.
Really quaff
O - 2 potions of heal wounds {@q2, !q}?
Your system partially rejects the healing.
You feel much better. The acid dragon spits acid at you.
The splash of acid hits you! The acid corrodes you!
You are splashed with acid!
The acid burns!
* * * LOW HITPOINT WARNING * * *
You hear a horrible gurgling sound!
You hear a loud, deep croak!
You regained 8 hp, and now have 13/111 hp.
As you read the scroll of fear, it crumbles to dust.
You assume a fearsome visage.
The big kobold looks frightened! x2
The acid dragon looks frightened!
The centaur warrior skeleton is unaffected.
The catoblepas resists with almost no effort.
The centaur warrior skeleton hits you but does no damage.
The catoblepas breathes a plume of calcifying dust at you.
The blast of calcifying dust hits you!
The blast of calcifying dust hits the big kobold.
The catoblepas's attack snaps the big kobold out of its fear.
The big kobold is engulfed in calcifying dust.
The big kobold is moving more slowly.
The big kobold hits you but does no damage.
Unknown command.
Unknown command.
The centaur warrior skeleton hits you but does no damage.
The big kobold is engulfed in calcifying dust.
The big kobold stops moving altogether!
The catoblepas gores you!!
You die...
Kikubaaqudgha rasps: "You have failed me!
Welcome... death!"

.... █............
...... ....
█....███.....█ ......
...(███▲███..█▲█.███.███
...
...(........██.K...███
...
............█..§%...█
...
............█.(§..?.█
...
.........)..█..K....█
y...
.██████.....█.$§Z.(.█
.... . █.....█D.Y@...█
<... █....███.....██ ...
███.█∆█ ██. ███... ██
█.█ █ ... (.█ .█ ..∆
...█ .. █


You could see a catoblepas, an acid dragon (fleeing), 2 big kobolds and a
centaur warrior skeleton.

Vanquished Creatures
  Kirke (Lair:5)
  An orc warlord (Orc:1)
  A minotaur (Lab)
  The ghost of Mirai the Thaumaturge, a journeyman DECj of Vehumet (Lair:5)
  5 hydras
  The ghost of Sharkov the Martial Artist, a novice MfMo of Okawaru (Lair:3)
  3 two-headed ogres
  4 orc high priests
  2 unseen horrors (Lab)
  An infernal demonspawn (Orc:1)
  A gelid demonspawn (Orc:1)
  7 orc knights
  10 orc sorcerers
  An ugly thing (D:11)
  4 elephants
  A salamander (shapeshifter) (D:12)
  4 rust devils
  6 black mambas
  2 orange demons
  A gargoyle (D:13)
  14 spiny frogs
  7 komodo dragons
  A kobold demonologist (D:11)
  4 red devils (D:12)
  5 trolls
  2 hornets
  2 tyrant leeches (Lair:4)
  10 dream sheep (Lair:5)
  10 hippogriffs
  15 blink frogs
  3 wraiths
  41 yaks
  2 wyverns
  2 basilisks (Lair:3)
  6 hogs
  3 hungry ghosts (Lab)
  A warg (Orc:1)
  8 water moccasins
  10 porcupines
  Purgy (D:3)
  A black bear (D:12)
  55 orc warriors
  4 sky beasts
  2 eyes of draining
  A hornet zombie (D:7)
  5 ice beasts
  3 phantoms
  A necrophage (D:13)
  5 centaurs
  6 ogres
  4 wolves (Lair:5)
  6 crocodiles
  2 big kobolds
  13 bullfrogs
  A wyvern zombie (D:8)
  A water moccasin skeleton (D:7)
  5 scorpions
  6 killer bees (D:9)
  3 howler monkeys
  2 crimson imps
  4 bullfrog zombies
  6 hounds
  3 jellies
  26 orc wizards
  A quasit (D:5)
  32 orc priests
  A centaur skeleton (D:4)
  3 iguanas
  10 worker ants
  A hound zombie (D:11)
  A hound skeleton (D:8)
  5 gnolls (Orc:1)
  18 adders
  5 shadow imps
  An ooze (D:1)
  2 adder skeletons
  3 worms
  5 dart slugs
  4 leopard geckos
  109 orcs
  3 ball pythons
  8 giant cockroaches
  7 goblins
  3 hobgoblins
  16 jackals
  3 quokkas
  14 bats
  6 frilled lizards
  15 kobolds
  A leopard gecko skeleton (D:3)
  A quokka skeleton (D:9)
  5 rats
652 creatures vanquished.

Vanquished Creatures (collateral kills)
  Urug (Lair:5)
  An elephant (Lair:5)
  A komodo dragon (Lair:5)
  A hippogriff (Lair:4)
  2 orc warriors (Orc:1)
  A hound (D:2)
  An orc priest (Orc:2)
  2 orcs (Orc:1)
  A fungus (Lair:4)
11 creatures vanquished.

Vanquished Creatures (others)
  A human (D:2)
  17 fungi
  20 plants
38 creatures vanquished.

Grand Total: 701 creatures vanquished

Notes
Turn   | Place    | Note
-------+----------+-------------------------------------------
     0 | D:1      | Goblin1989 the Demonspawn Transmuter began the quest for the Orb.
     0 | D:1      | Reached XP level 1. HP: 15/15 MP: 3/3
    74 | D:1      | Gained mutation: You have large cloven feet. [demonic ancestry]
    74 | D:1      | Reached XP level 2. HP: 17/21 MP: 3/5
   692 | D:1      | Gained mutation: You regenerate a little health from kills. [demonic ancestry]
   692 | D:1      | Reached XP level 3. HP: 10/26 MP: 6/6
  1560 | D:1      | Learned a level 2 spell: Sticks to Snakes
  1564 | D:1      | Learned a level 3 spell: Spider Form
  1635 | D:2      | Found an ancient bone altar of Kikubaaqudgha.
  1750 | D:2      | Noticed a human
  1751 | D:2      | Killed a human
  1755 | D:2      | Became a worshipper of Kikubaaqudgha
  1846 | D:2      | Reached skill level 1 in Poison Magic
  1846 | D:2      | Reached XP level 4. HP: 25/32 MP: 3/7
  1858 | D:2      | Found an ancient bone altar of Kikubaaqudgha.
  2052 | D:2      | Noticed a phantom
  2834 | D:3      | Gained mutation: You have hoof-like feet. [demonic ancestry]
  2834 | D:3      | Reached XP level 5. HP: 25/37 MP: 6/8
  3199 | D:3      | Found a sparkling altar of Nemelex Xobeh.
  3441 | D:3      | Found a shattered altar of Ashenzari.
  3822 | D:3      | Noticed Purgy
  3833 | D:3      | Killed Purgy
  3833 | D:3      | Gained mutation: You regenerate health from kills. [demonic ancestry]
  3833 | D:3      | Reached XP level 6. HP: 27/43 MP: 6/9
  4705 | D:4      | Found a glowing golden altar of the Shining One.
  5002 | D:4      | Reached XP level 7. HP: 49/49 MP: 6/10
  5066 | D:4      | Reached * piety under Kikubaaqudgha
  5066 | D:4      | Identified Kikubaaqudgha's Reference Book on Evil {god gift} (Kikubaaqudgha gifted it to you on level 4 of the Dungeon)
  5066 | D:4      | Received a gift from Kikubaaqudgha
  5072 | D:4      | Learned a level 3 spell: Regeneration
  5086 | D:4      | Learned a level 2 spell: Corpse Rot
  5097 | D:5      | Entered Level 5 of the Dungeon
  5409 | D:5      | Reached skill level 5 in Unarmed Combat
  5547 | D:5      | Reached skill level 1 in Necromancy
  6088 | D:6      | Reached skill level 2 in Necromancy
  6570 | D:6      | Reached XP level 8. HP: 57/57 MP: 8/12
  6615 | D:6      | Found an ornate altar of the Wu Jian Council.
  6864 | D:6      | Reached skill level 3 in Necromancy
  7246 | D:6      | Found a glowing silver altar of Zin.
  7547 | D:6      | Found a staircase to the Ecumenical Temple.
  7762 | D:7      | Reached skill level 4 in Necromancy
  8817 | D:7      | Found an iron altar of Okawaru.
  8908 | D:7      | Gained mutation: Your movements are slightly less encumbered by armour. (ER -2) [demonic ancestry]
  8908 | D:7      | Reached XP level 9. HP: 42/65 MP: 11/14
  8914 | D:7      | Reached skill level 5 in Necromancy
  8933 | D:7      | Learned a level 5 spell: Blade Hands
  9169 | D:7      | Found a sparkling altar of Nemelex Xobeh.
  9345 | D:6      | Reached skill level 1 in Charms
  9924 | D:8      | Reached ** piety under Kikubaaqudgha
 10209 | D:8      | Found a burning altar of Makhleb.
 10209 | D:8      | Found a radiant altar of Vehumet.
 10214 | D:8      | Found a white marble altar of Elyvilon.
 10216 | D:8      | Found an ornate altar of the Wu Jian Council.
 10217 | D:8      | Found an opulent altar of Gozag.
 10339 | D:8      | Noticed a komodo dragon
 10353 | D:8      | Killed a komodo dragon
 10708 | D:8      | Reached skill level 5 in Spellcasting
 10763 | D:8      | Reached skill level 5 in Fighting
 11019 | D:8      | Reached skill level 5 in Dodging
 11074 | Temple   | Entered the Ecumenical Temple
 11261 | D:8      | Gained mutation: Your movements are less encumbered by armour. (ER -4) [demonic ancestry]
 11261 | D:8      | Reached XP level 10. HP: 60/74 MP: 7/17
 11496 | D:8      | Found a roughly hewn altar of Beogh.
 11803 | D:8      | Reached *** piety under Kikubaaqudgha
 11803 | D:8      | Identified Kikubaaqudgha's Grimoire of Stolen Souls {god gift} (Kikubaaqudgha gifted it to you on level 8 of the Dungeon)
 11803 | D:8      | Received a gift from Kikubaaqudgha
 12146 | D:9      | Noticed a two-headed ogre
 12191 | D:9      | Killed a two-headed ogre
 12700 | D:9      | Reached skill level 5 in Transmutations
 12850 | D:9      | Found a sacrificial altar of Ru.
 13117 | D:9      | Found a shattered altar of Ashenzari.
 13143 | D:9      | Reached **** piety under Kikubaaqudgha
 13504 | D:10     | Entered Level 10 of the Dungeon
 13702 | D:10     | Reached skill level 1 in Slings
 14114 | D:10     | Noticed a two-headed ogre
 14147 | D:10     | Killed a two-headed ogre
 14196 | D:10     | Reached XP level 11. HP: 54/81 MP: 19/19
 14567 | D:11     | Found Nifuekan's Jewellery Boutique.
 14575 | D:11     | Bought an uncursed ring of poison resistance for 260 gold pieces
 14607 | D:11     | Noticed a soul eater
 14734 | D:11     | Learned a level 6 spell: Simulacrum
 14757 | D:11     | Reached skill level 1 in Evocations
 15387 | D:11     | Reached skill level 1 in Ice Magic
 15602 | D:11     | Noticed a five-headed hydra
 15638 | D:11     | Killed a five-headed hydra
 15678 | D:11     | Found a staircase to the Lair.
 15705 | D:11     | Got a pair of ichor-stained boots
 15867 | D:11     | Identified the +2 pair of boots "Miviy" {rC+ Int+3} (You found it on level 11 of the Dungeon)
 16205 | D:11     | Noticed a white ugly thing
 16227 | D:11     | Killed a white ugly thing
 16699 | D:11     | Found a staircase to the Orcish Mines.
 16750 | Lair:1   | Entered Level 1 of the Lair of Beasts
 17326 | Lair:1   | Reached skill level 6 in Necromancy
 18110 | Lair:2   | Reached skill level 5 in Slings
 18140 | Lair:2   | Noticed a four-headed hydra
 18169 | Lair:2   | Killed a four-headed hydra
 18496 | Lair:2   | Reached XP level 12. HP: 79/91 MP: 22/22
 19139 | Lair:2   | Noticed an eight-headed hydra
 19156 | Lair:1   | Reached skill level 5 in Ice Magic
 19372 | Lair:2   | Killed an eight-headed hydra
 19629 | Lair:2   | Reached skill level 7 in Necromancy
 21067 | Lair:3   | Reached skill level 8 in Necromancy
 21249 | Lair:3   | Reached skill level 5 in Evocations
 21346 | Lair:3   | Got an ivory demon whip
 21370 | Lair:3   | Identified the +6 demon whip "Hanuef" {pain, *Slow rElec Dex+4} (You found it on level 3 of the Lair of Beasts)
 21823 | Lair:3   | Reached skill level 9 in Necromancy
 21827 | Lair:3   | Reached XP level 13. HP: 96/98 MP: 17/24
 22129 | Lair:3   | Noticed Sharkov's ghost (novice MfMo)
 22140 | Lair:3   | Killed Sharkov's ghost
 22592 | Lair:4   | Found a labyrinth entrance.
 22606 | Lab      | Entered a labyrinth
 23193 | Lab      | Noticed a minotaur
 23206 | Lab      | Killed a minotaur
 23296 | Lab      | Identified the Grimoire of Ghastly Self-Knowledge
 23303 | Lab      | Learned a level 4 spell: Animate Dead
 23400 | Lair:4   | Found a staircase to the Snake Pit.
 24004 | Lair:4   | Found a staircase to the Swamp.
 24016 | Lair:4   | Reached skill level 10 in Necromancy
 24932 | Lair:5   | Reached ***** piety under Kikubaaqudgha
 25282 | Lair:5   | Noticed Mirai's ghost (journeyman DECj)
 25334 | Lair:5   | Killed Mirai's ghost
 25367 | Lair:5   | Noticed Kirke
 25695 | Lair:5   | Noticed Urug
 25716 | Lair:5   | Killed Urug
 25816 | Lair:5   | Killed Kirke
 26043 | Lair:5   | Reached skill level 11 in Necromancy
 26205 | Lair:5   | Found a runed door.
 26205 | Lair:5   | Found a viscous altar of Jiyva.
 26211 | Lair:5   | Found a staircase to the Slime Pits.
 26820 | D:11     | Bought an uncursed ring of protection from magic for 325 gold pieces
 26890 | Orc:1    | Entered Level 1 of the Orcish Mines
 26893 | Orc:1    | Found Boesin's Distillery.
 26926 | Orc:1    | Bought a potion of heal wounds for 80 gold pieces
 26926 | Orc:1    | Bought a potion of curing for 48 gold pieces
 26985 | Orc:1    | Found a flagged portal.
 27002 | Bailey   | Entered a bailey
 27739 | Orc:1    | Noticed an orc warlord
 27762 | Orc:1    | HP: 5/101 [orc warrior/glaive (28)]
 27845 | Orc:1    | Reached skill level 1 in Armour
 28164 | Orc:1    | Killed an orc warlord
 28164 | Orc:1    | Gained mutation: You are slightly more attuned to the shadows. [demonic ancestry]
 28164 | Orc:1    | Reached XP level 14. HP: 65/108 MP: 11/26
 28379 | Orc:1    | Found Zafim's General Store.
 28418 | Orc:1    | Found Hidghewa's Weapon Shop.
 28421 | Orc:1    | Found Sidod's General Store.
 28435 | Orc:1    | Bought a scroll of magic mapping for 49 gold pieces
 28435 | Orc:1    | Bought a potion of heal wounds for 70 gold pieces
 29429 | Orc:1    | Found a roughly hewn altar of Beogh.
 29848 | Orc:2    | Entered Level 2 of the Orcish Mines
 30240 | Orc:1    | Bought the +9 scale mail of Greater Demons {rF+ MR+ Regen+ Dex+3} for 898 gold pieces
 30505 | Orc:2    | Found Lamaedei's Distillery.
 30833 | Orc:2    | Found Uffube's Magic Scroll Shop.
 31145 | Orc:2    | Bought a scroll of fear for 59 gold pieces
 31494 | Orc:2    | Found Ohunwiad's Jewellery Shoppe.
 31731 | Orc:2    | Found a staircase to the Elven Halls.
 32035 | Orc:2    | Reached skill level 10 in Fighting
 33830 | Orc:2    | Gained mutation: You expend magic power (3 MP) to strengthen your wands. [miscasting Blade Hands]
 33830 | Orc:2    | Gained mutation: Potions are less effective at restoring your health. [miscasting Blade Hands]
 34325 | Orc:2    | Found Ysmagat's Book Emporium.
 34325 | Orc:2    | Found Cytowkel's Antique Weapon Shoppe.
 34326 | Orc:2    | Found a one-way gate leading to the halls of Pandemonium.
 36039 | D:13     | HP: 5/111 [acid (17)]
 36042 | D:13     | Mangled by a catoblepas

Skill      XL: |  1  2  3  4  5  6  7  8  9 10 11 12 13 14 |
---------------+-------------------------------------------+-----
Unarmed Combat | 3 4 5 6 8 9 |  9.0
Transmutations | 2 3 4 5 7 |  7.0
Poison Magic   | 1 2 3 |  3.3
Dodging        | 2 3 5 6 |  6.0
Fighting       | 2 3 5 6 7 9 10 | 10.6
Necromancy     | 2 4 5 6 9 11 | 11.0
Spellcasting   | 3 5 6 7 8 9 |  9.0
Charms         | 2 3 |  3.1
Slings         | 2 5 7 8 9 |  9.9
Evocations     | 3 5 |  5.0
Ice Magic      | 4 5 6 |  6.0
Armour         | 1 4 |  4.7

Action                   |  1- 3 |  4- 6 |  7- 9 | 10-12 | 13-15 || total
-------------------------+-------+-------+-------+-------+-------++-------
Melee: Unarmed           |   104 |   174 |   336 |   375 |   343 ||  1332
       Kick              |    23 |    11 |     1 |       |       ||    35
       Headbutt          |     7 |     2 |       |       |       ||     9
       Punch             |       |       |     1 |       |     6 ||     7
       Hunting sling     |       |       |       |       |     1 ||     1
 Fire: Hunting sling     |       |       |   183 |   594 |  1182 ||  1959
       Blowgun           |       |       |       |     6 |       ||     6
Throw: Tomahawk          |     2 |       |       |       |       ||     2
       Stone             |     1 |       |       |       |       ||     1
 Cast: Beastly Appendage |     9 |     3 |       |       |       ||    12
       Sticks to Snakes  |     2 |     3 |     4 |     4 |     6 ||    19
       Spider Form       |       |    26 |    45 |    44 |    25 ||   140
       Regeneration      |       |       |     3 |    29 |    32 ||    64
       Corpse Rot        |       |       |       |     4 |     3 ||     7
       Blade Hands       |       |       |       |     1 |     9 ||    10
       Animate Dead      |       |       |       |       |    39 ||    39
       Simulacrum        |       |       |       |       |     2 ||     2
Invok: Receive Corpses   |       |       |       |     3 |     6 ||     9
       Torment           |       |       |       |       |     1 ||     1
 Abil: End Transformatio |       |       |     1 |       |       ||     1
Evoke: Wand              |       |       |       |       |    23 ||    23
  Use: Potion            |       |     1 |     3 |     3 |    10 ||    17
       Scroll            |       |       |     5 |    18 |    10 ||    33
 Stab: Sleeping          |       |     3 |       |       |       ||     3
       Invisible         |       |       |       |     2 |       ||     2
       Distracted        |       |       |       |       |     1 ||     1
  Eat: Chunk             |     3 |    24 |    29 |    39 |    53 ||   148
       Ration            |       |       |       |       |     2 ||     2
Armor: Robe              |    27 |     5 |    13 |       |       ||    45
       Skin              |       |     8 |    16 |    10 |    12 ||    46
       Leather armour    |       |       |    17 |       |       ||    17
       Ring mail         |       |       |       |    62 |   151 ||   213
       Scale mail        |       |       |       |       |   169 ||   169
Dodge: Dodged            |    71 |   133 |   327 |   454 |   494 ||  1479

Vault maps used:
D:1:      saegor_arrival_simple_f, palyth_stone_intersect, minmay_pentomino_t4
D:2:      kiku_gazebo_pond_becter, lightli_temple_of_fire, led_sif_pool,
          first_ration, tgw_kikubaaqudgha
D:3:      marbit_many_paths, nemelex_diamond_rough_becter, uniq_purgy
D:4:      tso_altar
D:5:      minivault_4, kennysheep_windowed_goal
D:6:      zin_statuary, temple_green, lemuel_tele_altar
D:7:      nemelex_altar_shiori, okawaru_gym_becter, grunt_livestock
D:8:      minmay_bloctagon_deflated, chequers_temple_overflow_minitemple,
          special_room
D:9:      nicolae_ru_the_path_less_chosen, ashenzari_altar_1
D:11:     grunt_lair_entry_orc_guard_hut, orc_0_dummy, serial_shops, shop,
          minivault_26
D:12:     einodemon_armed_red_devil_minivault
D:13:     minmay_heptahexagon, grunt_vaults_entry_fortified,
          minmay_misc_feat_columns
Temple:   corrupted_temple
Lair:1:   serial_forest, infiniplex_forest_lined_1,
          infiniplex_forest_lined_4_way, infiniplex_forest_clump_diagonal,
          infiniplex_forest_lined_3, infiniplex_forest_zigzag_1,
          infiniplex_forest_zigzag_2, infiniplex_forest_clump_curved
Lair:2:   beast_lair_carwin_2
Lair:3:   minmay_lair_oklob_bushes, beast_lair_carwin_4
Lair:4:   minmay_swamp_entry_worms, minmay_snake_entry_six_corridors,
          lab_entry_generic
Lair:5:   slime_altar_2, serial_bayou_pond_e, grunt_megastairs_3,
          lemuel_fruit_tree, uniq_urug, uniq_kirke
Orc:1:    orc_temple, lightli_bailey_entry_fortress, serial_shops,
          nicolae_shop_stone, nicolae_shop_crystal, nicolae_shop_waterfront,
          shop
Orc:2:    pf_orc_diabolical, serial_shops, shop_fountains
Lab:      labyrinth_spiral, lab_fountain, lab_hedge, nicolae_lab_t_cross,
          nicolae_lab_starburst, nicolae_lab_lava, nicolae_lab_checkerboard,
          labyrinth_skeletal_remains, nicolae_lab_hexagon, nicolae_lab_statue,
          lab_block, nicolae_lab_very_dead_end, labyrinth_lava_lair,
          nicolae_lab_stuck, nicolae_lab_garden, nicolae_lab_plus
Bailey:   bailey_polearm_1, bailey
